[ AOE2 MATCH · #468872689 ]
UnrankedMuisca vs Berbers
Player's team · WIN
Rival team · LOSS
[ REPLAY ANALYSIS · EXTRACTED FROM THE RECORDED GAME ]
Feudal
9:24
Castle
20:10
Imperial
32:54
| APM avg | 63.8 |
| APM peak | 93 |
| eAPM avg | 33.6 |
| Villagers / military | 208 / 13 |
Focus
⚔️ 39.9% · 🌾 60.1%
Unknown (2586) ×19 · Unknown (2562) ×15 · Trebuchet (Packed) ×8 · Unknown (2550) ×7 · Monk ×3 · Spearman ×2
Feudal
9:15
Castle
19:53
Imperial
35:00
| APM avg | 72.9 |
| APM peak | 115 |
| eAPM avg | 25.5 |
| Villagers / military | 127 / 49 |
Focus
⚔️ 26.2% · 🌾 73.8%
Skirmisher ×11 · Knight ×10 · Camel Archer ×5 · Hand Cannoneer ×5 · Archer ×4 · Scout Cavalry ×4
Match map
Initial resources + every placement click. Lines = walls · curves = elevation contours. ◆ gold · ⬟ stone · ● berries · ✦ relic · ◌ wall gap
Your base· ✓ Closed at 20:10 · 53t walls · no gate
noob12's base· Open — opponent sealed themselves in
Smoothed initial terrain · ◌ = detected wall gap · hover for details
Inputs per minute
— Caerbannog - - noob12
Build order — Caerbannog
First 150 of 346 actions detected
| 0:00 | Create | Villager (Male) ×4 |
| 0:00 | Create | Villager (Male) ×4 |
| 0:02 | Build | House |
| 0:04 | Build | House |
| 1:22 | Create | Villager (Male) |
| 1:58 | Create | Villager (Male) |
| 1:58 | Create | Villager (Male) |
| 2:17 | Create | Villager (Male) |
| 2:18 | Create | Villager (Male) |
| 2:28 | Build | Settlement |
| 2:47 | Create | Villager (Male) |
| 2:48 | Create | Villager (Male) |
| 3:11 | Create | Villager (Male) |
| 3:31 | Create | Villager (Male) |
| 3:56 | Create | Villager (Male) |
| 4:21 | Create | Villager (Male) |
| 4:44 | Create | Villager (Male) |
| 4:48 | Create | Villager (Male) |
| 5:13 | Build | Barracks |
| 5:30 | Build | House |
| 5:34 | Create | Villager (Male) |
| 6:03 | Create | Villager (Male) |
| 6:03 | Research | Loom |
| 7:14 | Research | Feudal Age |
| 7:14 | Research | Feudal Age |
| 7:35 | Build | Settlement |
| 7:44 | Create | Unit 2550 |
| 8:01 | Build | Settlement |
| 8:10 | Create | Unit 2550 |
| 9:11 | Create | Villager (Male) |
| 9:24 | Age | Feudal Age |
| 9:27 | Research | Double-Bit Axe |
| 9:28 | Create | Villager (Male) |
| 9:51 | Build | Farm |
| 9:57 | Research | Tech 1402 |
| 9:58 | Research | Tech 1402 |
| 10:02 | Create | Villager (Male) |
| 10:09 | Create | Spearman |
| 10:18 | Build | House |
| 10:18 | Build | Palisade Wall |
| 10:19 | Build | Palisade Wall |
| 10:29 | Create | Villager (Male) |
| 10:34 | Build | Farm |
| 10:35 | Build | Farm |
| 10:44 | Create | Villager (Male) |
| 10:56 | Build | Farm |
| 10:59 | Build | Farm |
| 11:05 | Create | Villager (Male) |
| 11:20 | Build | Palisade Wall |
| 11:21 | Create | Villager (Male) |
| 11:23 | Build | Farm |
| 11:38 | Create | Spearman |
| 11:43 | Create | Villager (Male) |
| 11:57 | Create | Villager (Male) |
| 12:01 | Research | Horse Collar |
| 12:21 | Build | House |
| 12:42 | Build | Palisade Wall |
| 12:45 | Build | Palisade Wall |
| 12:47 | Create | Villager (Male) |
| 12:48 | Create | Villager (Male) |
| 12:49 | Build | Farm |
| 12:55 | Build | Palisade Wall |
| 13:09 | Build | Palisade Wall |
| 13:12 | Build | Palisade Wall |
| 13:15 | Create | Villager (Male) |
| 13:16 | Build | Farm |
| 13:39 | Create | Villager (Male) |
| 13:41 | Build | Farm |
| 14:12 | Create | Villager (Male) |
| 14:13 | Build | Farm |
| 14:15 | Build | Farm |
| 14:32 | Build | Farm |
| 14:34 | Create | Villager (Male) |
| 14:54 | Create | Villager (Male) |
| 15:03 | Build | Blacksmith |
| 15:08 | Build | Market |
| 15:13 | Create | Villager (Male) |
| 15:33 | Build | Blacksmith |
| 15:35 | Build | Palisade Wall |
| 15:42 | Create | Villager (Male) |
| 15:45 | Build | House |
| 15:46 | Build | House |
| 15:55 | Create | Unit 2550 |
| 15:56 | Create | Unit 2550 |
| 16:01 | Build | House |
| 16:11 | Create | Villager (Male) |
| 16:14 | Build | Farm |
| 16:14 | Build | Farm |
| 16:25 | Research | Scale Mail Armor |
| 16:46 | Create | Villager (Male) |
| 17:16 | Build | House |
| 17:27 | Build | Farm |
| 17:30 | Research | Castle Age |
| 17:30 | Research | Castle Age |
| 18:07 | Create | Unit 2550 |
| 18:07 | Create | Unit 2550 |
| 18:16 | Build | Farm |
| 18:17 | Build | Farm |
| 18:19 | Build | Farm |
| 18:36 | Create | Villager (Male) |
| 18:40 | Research | Gold Mining |
| 18:55 | Create | Unit 2550 |
| 20:09 | Create | Villager (Male) |
| 20:10 | Age | Castle Age |
| 20:14 | Create | Unit 2586 |
| 20:14 | Create | Unit 2586 |
| 20:18 | Research | Bow Saw |
| 20:26 | Build | Town Center |
| 20:37 | Create | Villager (Male) |
| 20:48 | Create | Villager (Male) |
| 20:51 | Build | House |
| 20:53 | Build | Palisade Wall |
| 20:55 | Create | Villager (Male) |
| 21:03 | Build | Monastery |
| 21:11 | Create | Unit 2586 |
| 21:11 | Create | Unit 2586 |
| 21:21 | Build | Town Center |
| 21:32 | Research | Squires |
| 21:32 | Research | Squires |
| 21:35 | Build | House |
| 21:42 | Create | Villager (Male) |
| 21:45 | Build | Farm |
| 21:51 | Build | Farm |
| 21:54 | Build | Farm |
| 21:55 | Research | Wheelbarrow |
| 21:55 | Research | Wheelbarrow |
| 22:00 | Create | Villager (Male) |
| 22:01 | Create | Monk |
| 22:04 | Build | Farm |
| 22:05 | Build | Farm |
| 22:10 | Build | Farm |
| 22:11 | Build | Farm |
| 22:12 | Build | Farm |
| 22:19 | Create | Villager (Male) |
| 22:19 | Create | Villager (Male) |
| 22:23 | Build | House |
| 22:38 | Create | Villager (Male) |
| 22:40 | Build | Farm |
| 22:43 | Create | Villager (Male) |
| 22:50 | Create | Villager (Male) ×3 |
| 22:50 | Create | Villager (Male) ×3 |
| 22:50 | Create | Villager (Male) ×3 |
| 22:54 | Build | Farm |
| 23:04 | Create | Villager (Male) |
| 23:04 | Create | Villager (Male) |
| 23:07 | Create | Monk |
| 23:12 | Build | House |
| 23:12 | Create | Villager (Male) |
| 23:13 | Create | Villager (Male) |
| 23:15 | Build | House |
Build order — noob12
First 150 of 319 actions detected
| 0:00 | Create | Villager (Male) |
| 0:00 | Create | Villager (Male) |
| 0:01 | Create | Villager (Male) |
| 0:02 | Build | House |
| 0:03 | Build | House |
| 0:32 | Create | Villager (Male) |
| 0:32 | Create | Villager (Male) |
| 1:23 | Create | Villager (Male) |
| 1:23 | Create | Villager (Male) |
| 1:50 | Build | Mill |
| 1:58 | Create | Villager (Male) |
| 1:58 | Create | Villager (Male) |
| 2:19 | Create | Villager (Male) |
| 2:50 | Create | Villager (Male) |
| 3:15 | Create | Villager (Male) |
| 3:15 | Create | Villager (Male) |
| 3:36 | Create | Villager (Male) |
| 3:53 | Build | House |
| 3:58 | Create | Villager (Male) |
| 3:58 | Create | Villager (Male) |
| 4:14 | Create | Villager (Male) |
| 4:14 | Create | Villager (Male) |
| 4:42 | Create | Villager (Male) |
| 4:42 | Create | Villager (Male) |
| 4:58 | Build | Lumber Camp |
| 5:02 | Build | Lumber Camp |
| 5:11 | Create | Villager (Male) |
| 5:11 | Create | Villager (Male) |
| 5:11 | Create | Villager (Male) |
| 5:26 | Create | Villager (Male) |
| 6:02 | Build | House |
| 6:03 | Build | House |
| 6:08 | Build | Palisade Wall |
| 6:15 | Research | Loom |
| 6:45 | Build | Palisade Wall |
| 6:56 | Research | Feudal Age |
| 7:12 | Build | Palisade Wall |
| 7:42 | Build | Lumber Camp |
| 8:37 | Build | Barracks |
| 8:48 | Create | Villager (Male) |
| 9:15 | Age | Feudal Age |
| 9:25 | Build | Stable |
| 9:31 | Create | Villager (Male) |
| 9:41 | Research | Double-Bit Axe |
| 9:45 | Create | Villager (Male) |
| 9:59 | Build | Mill |
| 10:04 | Create | Scout Cavalry |
| 10:11 | Create | Villager (Male) |
| 10:28 | Build | Farm |
| 10:39 | Create | Scout Cavalry |
| 10:46 | Build | Farm |
| 10:56 | Create | Villager (Male) |
| 10:56 | Create | Villager (Male) |
| 11:00 | Build | Farm |
| 11:06 | Build | House |
| 11:13 | Build | Farm |
| 11:17 | Create | Villager (Male) |
| 11:17 | Create | Villager (Male) |
| 11:20 | Build | Farm |
| 11:27 | Build | House |
| 11:35 | Build | Farm |
| 11:44 | Create | Villager (Male) |
| 12:06 | Create | Villager (Male) |
| 12:34 | Create | Villager (Male) |
| 12:36 | Create | Scout Cavalry |
| 12:41 | Build | Mill |
| 12:48 | Build | Archery Range |
| 12:55 | Create | Villager (Male) |
| 12:56 | Create | Scout Cavalry |
| 13:03 | Build | Farm |
| 13:09 | Build | Farm |
| 13:19 | Create | Villager (Male) |
| 13:28 | Build | Farm |
| 13:41 | Create | Villager (Male) |
| 13:50 | Build | Mining Camp |
| 13:53 | Create | Villager (Male) |
| 14:03 | Create | Archer |
| 14:16 | Build | Farm |
| 14:18 | Create | Villager (Male) |
| 14:47 | Build | House |
| 14:55 | Research | Wheelbarrow |
| 15:10 | Create | Archer |
| 15:15 | Build | House |
| 15:16 | Build | House |
| 15:17 | Build | House |
| 15:29 | Create | Archer |
| 15:42 | Create | Villager (Male) |
| 16:08 | Create | Archer |
| 16:47 | Create | Villager (Male) |
| 16:48 | Build | Farm |
| 17:13 | Research | Castle Age |
| 17:13 | Research | Castle Age |
| 17:32 | Build | Stable |
| 17:35 | Research | Gold Mining |
| 17:36 | Research | Horse Collar |
| 17:57 | Build | Blacksmith |
| 18:18 | Research | Bloodlines |
| 18:44 | Research | Forging |
| 18:56 | Research | Town Watch |
| 19:07 | Build | Lumber Camp |
| 19:12 | Research | Scale Barding Armor |
| 19:53 | Age | Castle Age |
| 19:56 | Create | Knight |
| 19:56 | Create | Knight |
| 20:09 | Research | Bow Saw |
| 20:13 | Create | Knight |
| 20:14 | Create | Knight |
| 20:16 | Research | Iron Casting |
| 20:23 | Create | Villager (Male) |
| 20:23 | Create | Villager (Male) |
| 20:51 | Create | Villager (Male) |
| 20:58 | Build | Town Center |
| 21:08 | Create | Knight |
| 21:09 | Create | Knight |
| 21:16 | Create | Villager (Male) |
| 21:24 | Create | Villager (Male) |
| 21:29 | Build | Farm |
| 21:31 | Build | Farm |
| 21:45 | Create | Knight |
| 21:58 | Create | Villager (Male) |
| 21:58 | Create | Villager (Male) |
| 21:59 | Create | Villager (Male) |
| 21:59 | Create | Villager (Male) |
| 22:09 | Create | Knight |
| 22:12 | Build | Monastery |
| 22:16 | Create | Knight |
| 22:22 | Create | Villager (Male) |
| 22:38 | Research | Stone Mining |
| 22:42 | Create | Knight |
| 22:49 | Create | Villager (Male) |
| 22:54 | Create | Villager (Male) |
| 23:01 | Create | Monk |
| 23:02 | Build | Farm |
| 23:07 | Build | Farm |
| 23:07 | Build | Farm |
| 23:07 | Build | Farm |
| 23:08 | Build | Farm |
| 23:12 | Create | Villager (Male) |
| 23:12 | Create | Villager (Male) |
| 23:14 | Create | Monk |
| 23:22 | Create | Villager (Male) |
| 23:29 | Build | Farm |
| 23:30 | Build | Farm |
| 23:34 | Create | Villager (Male) |
| 24:06 | Create | Villager (Male) |
| 24:06 | Create | Villager (Male) |
| 24:10 | Build | Farm |
| 24:12 | Build | Farm |
| 24:13 | Build | Farm |
| 24:26 | Create | Villager (Male) |
Match timeline
| 5:13 | Caerbannog · first_building Barracks |
| 6:08 | noob12 · wall_segment Palisade Wall x6 |
| 6:45 | noob12 · wall_segment Palisade Wall x6 |
| 7:12 | noob12 · wall_segment Palisade Wall x10 |
| 8:37 | noob12 · first_building Barracks |
| 9:15 | noob12 · age_up feudal |
| 9:24 | Caerbannog · age_up feudal |
| 9:25 | noob12 · first_building Stable |
| 10:18 | Caerbannog · wall_segment Palisade Wall x1 |
| 10:19 | Caerbannog · wall_segment Palisade Wall x1 |
| 11:20 | Caerbannog · wall_segment Palisade Wall x14 |
| 12:42 | Caerbannog · wall_segment Palisade Wall x11 |
| 12:45 | Caerbannog · wall_segment Palisade Wall x12 |
| 12:48 | noob12 · first_building Archery Range |
| 12:55 | Caerbannog · wall_segment Palisade Wall x8 |
| 13:09 | Caerbannog · wall_segment Palisade Wall x1 |
| 13:12 | Caerbannog · wall_segment Palisade Wall x4 |
| 15:35 | Caerbannog · wall_segment Palisade Wall x1 |
| 19:53 | noob12 · age_up castle |
| 20:10 | Caerbannog · age_up castle |
| 20:53 | Caerbannog · wall_segment Palisade Wall x1 |
| 21:03 | Caerbannog · first_building Monastery |
| 22:12 | noob12 · first_building Monastery |
| 25:21 | Caerbannog · wall_segment Palisade Wall x1 |
| 27:35 | noob12 · first_market_buy 100 stone |
| 27:40 | noob12 · first_building Castle |
| 27:46 | Caerbannog · wall_segment Palisade Wall x1 |
| 27:46 | noob12 · first_market_sell 100 stone |
| 27:47 | Caerbannog · wall_segment Palisade Wall x5 |
| 28:00 | Caerbannog · first_building Castle |
| 29:18 | Caerbannog · first_market_buy 100 food |
| 29:20 | Caerbannog · first_market_sell 500 wood |
| 32:54 | Caerbannog · age_up imperial |
| 34:49 | noob12 · first_building Siege Workshop |
| 35:00 | noob12 · age_up imperial |
| 36:17 | Caerbannog · wall_segment Palisade Wall x1 |
| 37:22 | Caerbannog · wall_segment Stone Wall x1 |
| 39:32 | noob12 · resign |
[ AI ANALYSIS · 1 CREDIT ]
What really happened in this match?
Wolo.gg analyzes every decision: build order, eco, micro, common mistakes by bracket. Personalized analysis on WhatsApp or Discord in 30 seconds.
Civ guide
Muisca
Perfil
Jugador #11213757